 Dungeon Crawl Stone Soup version 0.25.1-8-g42b30a86e7 (webtiles) character file.

Game seed: 7244683017818862841

30839 hawla the Arsonist (level 13, -1/86 HPs)
             Began as a Grey Draconian Conjurer on Dec 6, 2020.
             Was an Elder of Vehumet.
             Slain by a sixfirhy (10 damage)
             ... summoned by Frances
             ... on level 13 of the Dungeon.
             The game lasted 01:07:15 (20487 turns).

hawla the Arsonist (Grey Draconian Conjurer)       Turns: 20487, Time: 01:07:18

Health: -1/86      AC:  9    Str:  9    XL:     13   Next: 22%
Magic:  9/26       EV: 12    Int: 26    God:    Vehumet [****..]
Gold:   1667       SH:  0    Dex: 12    Spells: 3/31 levels left

rFire    + . .     SeeInvis .   d - +0 lajatang (flame)
rCold    x . .     Gourm    .   (shield currently unavailable)
rNeg     . . .     Faith    .   (armour unavailable)
rPois    .         Spirit   .   l - +1 hat
rElec    .         Reflect  .   w - +0 cloak
rCorr    .         Harm     .   k - +2 pair of gloves
MR       .....                  F - +2 pair of boots
Stlth    +.........             P - amulet of magic regeneration
HPRegen  0.24/turn              e - +6 ring of intelligence
MPRegen  0.45/turn              D - ring of fire

@: silence, corroded
A: walk through water, unfitting armour, screaming 1, weak 1, unbreathing,
cold-blooded, AC +13
a: Renounce Religion


You were on level 13 of the Dungeon.
You worshipped Vehumet.
Vehumet was greatly pleased with you.
You were not hungry.

You visited 3 branches of the dungeon, and saw 15 of its levels.
You also visited: Ossuary and Volcano.

You collected 1667 gold pieces.

Inventory:

Hand Weapons
 d - a +0 lajatang of flaming (weapon)
 M - a +0 quarterstaff
Missiles
 n - 4 curare-tipped darts
 v - 8 atropa-tipped darts
 z - 13 boomerangs (quivered)
Armour
 k - a +2 pair of gloves (worn)
 l - a +1 hat (worn)
 w - a +0 cloak (worn)
 F - a +2 pair of boots (worn)
Jewellery
 a - a +6 ring of intelligence
 e - a +6 ring of intelligence (left hand)
 j - an uncursed ring of see invisible
 o - an uncursed amulet of the acrobat
 r - an uncursed ring of ice
 D - a ring of fire (right hand)
 P - an amulet of magic regeneration (around neck)
Wands
 p - a wand of flame (65)
 J - a wand of paralysis (6)
 L - a wand of clouds (5)
 U - a wand of digging (9)
Scrolls
 h - 3 scrolls of magic mapping
 i - 3 scrolls of enchant weapon
 m - 4 scrolls of amnesia
 q - 6 scrolls of remove curse
 t - 4 scrolls of fog
 B - 2 scrolls of identify
 C - 3 scrolls of enchant armour
 O - a scroll of holy word {unknown}
 T - 3 scrolls of vulnerability {unknown}
Potions
 c - 2 potions of might
 g - 5 potions of heal wounds
 s - 6 potions of curing
 u - 4 potions of stabbing
 x - a potion of resistance
 A - a potion of brilliance
 E - a potion of cancellation {unknown}
 G - 6 potions of berserk rage
 H - a potion of ambrosia
 I - a potion of flight
 K - 2 potions of lignification
 S - 2 potions of magic
Comestibles
 b - 25 rations


   Skills:
 - Level 0.1 Fighting
 - Level 0.4 Staves
 - Level 2.4 Dodging
 - Level 4.0 Stealth
 - Level 9.5 Spellcasting
 - Level 8.4 Conjurations
 + Level 9.5 Charms
 - Level 5.8 Translocations
 - Level 3.0 Transmutations
 * Level 13.1 Fire Magic
 - Level 3.0 Earth Magic
 - Level 2.8 Poison Magic


You had 3 spell levels left.
You knew the following spells:

 Your Spells              Type           Power        Failure   Level  Hunger
a - Magic Dart            Conj           ####         1%          1    None
b - Searing Ray           Conj           ######       1%          2    None
c - Iskenderun's Mystic   Conj/Tloc      #####...     1%          4    #......
d - Ring of Flames        Chrm/Fire      #######...   36%         7    #######
e - Stone Arrow           Conj/Erth      #####.       1%          3    None
f - Blink                 Tloc           N/A          1%          2    None
g - Olgreb's Toxic Radia  Pois           ####....     4%          4    #......
h - Irradiate             Conj/Tmut      #####.....   3%          5    ####...

Your spell library contained the following spells:

 Spells                   Type           Power        Failure   Level  Hunger
 Conjure Flame            Conj/Fire      #######.     1%          3    None
 Dazzling Flash           Conj/Hex       ####..       1%          3    None
 Mephitic Cloud           Conj/Pois/Air  ####....     1%          3    None
 Summon Small Mammal      Summ           ##..         4%          1    None
 Poisonous Vapours        Pois/Air       ###...       4%          2    None
 Call Imp                 Summ           ##......     8%          2    None
 Slow                     Hex            ##......     8%          2    None
 Call Canine Familiar     Summ           ##......     14%         3    None
 Summon Guardian Golem    Hex/Summ       ##......     14%         3    None
 Fulminant Prism          Conj/Hex       ####......   2%          4    #......
 Summon Ice Beast         Ice/Summ       ##......     43%         4    #......
 Summon Lightning Spire   Summ/Air       ##......     43%         4    #......
 Freezing Cloud           Conj/Ice/Air   ####......   50%         6    ######.
 Hydra Form               Tmut           ####......   91%         6    ######.
 Statue Form              Tmut/Erth      ####.....    91%         6    ######.
 Dragon Form              Tmut           ####......   100%        7    #######


Dungeon Overview and Level Annotations

Branches:
Dungeon (13/15)            Temple (1/1) D:6            Lair (1/6) D:10
    Orc (0/2) D:11         Vaults (0/5) D:13        Ossuary (visited)
Volcano (visited)

Altars:
Ashenzari
Cheibriados
Dithmenos
Elyvilon
Fedhas
Gozag
Hepliaklqana
Kikubaaqudgha
Makhleb
Nemelex Xobeh
Okawaru
Qazlal
Ru
Sif Muna
Trog
Uskayaw
Vehumet
Wu Jian
Xom
Yredelemnul
Zin
The Shining One

Shops:
D:8 %   D:10 [

Annotations:
D:13 Frances


Innate Abilities, Weirdness & Mutations

You can walk through water.
Your dull iron-grey scales are very hard. (AC +13)
You cannot fit into any form of body armour.
You can survive without breathing.
You are cold-blooded and may be slowed by cold attacks.
You occasionally shout uncontrollably at your foes.
You are weak. (Str -2)


Message History

The sixfirhy hits you! The sixfirhy shocks you! The sixfirhy misses you.
Frances screams a word of power!
The sixfirhy hits you but does no damage.
Okay, then.
The sixfirhy closely misses you. x2; The sixfirhy hits you!
The sixfirhy shocks you! The sixfirhy hits you! The sixfirhy shocks you!
* * * LOW HITPOINT WARNING * * *
There is an open door, spattered with blood here.
Okay, then.
Press: ? - help, v - describe, . - travel
Here: Frances, wielding a +0 short sword and wearing a +0 scale mail (severely wounded, fast)
The floor, spattered with blood.
As you read the scroll of silence, it crumbles to dust.
A profound silence engulfs you. The sixfirhy misses you. The sixfirhy hits you.
* * * LOW HITPOINT WARNING * * *
The sixfirhy shocks you!
* * * LOW HITPOINT WARNING * * *
The sixfirhy barely misses you. The sixfirhy hits you!
You die...

.....#....#.......
########....'.>..#.......
##.....##...4#....#.......
#......#.....#....#.......
#......##4## #....###'####
#####.....##..# ###....#.####
#..##.....##@.# #....#.....
#..##.....##34# #<...#..... ..
#...#.[...##@######....###### ...
#...'.....##..#...........###
##'##'###.....##..#...........#..
........#.....##..#...........#..
........#.........#...........#..
........#.........#...........#..
........###########...........###
....................#+###'##.....
.#######............#...'..#.....


You could see Frances (fast), a rust devil (summoned), a sixfirhy (summoned) and
a red devil (summoned).

Vanquished Creatures
  Gastronok (D:8)
  9 two-headed ogres
  An ogre mage (Volcano)
  Urug (D:13)
  Sonja (D:11)
  A hell knight (Volcano)
  Nergalle (D:10)
  2 unseen horrors (D:9)
  A manticore (D:12)
  A cyclops (D:10)
  4 ugly things
  Joseph (D:10)
  A gargoyle (D:12)
  2 spiny frogs (Lair:1)
  Maggie (D:8)
  A tengu conjurer (D:13)
  2 trolls
  A slime creature (D:11)
  Prince Ribbit (D:7)
  A meliai (D:13)
  A wind drake (shapeshifter) (D:11)
  2 hippogriffs
  Sigmund (D:4)
  3 wyverns
  17 yaks
  A yak (shapeshifter) (D:13)
  Grum (D:10)
  A basilisk (D:10)
  A steam dragon (D:11)
  2 hungry ghosts
  A soldier ant (D:11)
  2 water moccasins
  3 porcupines
  5 orc warriors
  3 black bears
  2 phantoms
  3 sky beasts
  5 ice beasts
  A necrophage (D:11)
  11 ogres
  13 wolves
  5 centaurs
  4 crocodiles (D:10)
  Blork the orc (D:7)
  2 big kobolds (D:8)
  15 bullfrogs
  A gnoll sergeant (D:11)
  2 scorpions (D:7)
  A water moccasin skeleton (D:11)
  11 killer bees
  A troll skeleton (D:9)
  2 spriggan skeletons (D:9)
  13 wights
  4 howler monkeys
  4 crimson imps
  A bullfrog zombie (D:5)
  A centaur zombie (D:11)
  8 hounds
  2 quasits
  10 jellies
  Crazy Yiuf (D:2)
  A bullfrog skeleton (D:11)
  4 centaur skeletons
  7 orc priests
  15 orc wizards
  Jessica (D:2)
  6 iguanas
  13 worker ants
  2 hound zombies
  3 hound skeletons
  8 mummies (Ossuary)
  A worker ant zombie (D:5)
  15 adders
  4 gnolls (D:11)
  A shadow imp (D:6)
  12 oozes (D:11)
  3 worms
  3 dart slugs
  7 leopard geckos
  58 orcs
  8 giant cockroaches
  11 goblins
  10 hobgoblins
  3 jackals (D:1)
  2 quokkas
  A ball python (D:1)
  10 bats
  5 frilled lizards
  12 kobolds
  2 kobold zombies (Ossuary)
  A leopard gecko zombie (D:5)
  6 orc zombies (Ossuary)
  4 rats
  4 fungi
  A plant (D:10)
446 creatures vanquished.

Vanquished Creatures (others)
  A two-headed ogre (Volcano)
  An unseen horror (D:13)
  A ball python (D:3)
  2 bats (D:3)
  A frilled lizard (D:3)
  5 fungi (D:11)
11 creatures vanquished.

Grand Total: 457 creatures vanquished

Notes
Turn   | Place    | Note
-------+----------+-------------------------------------------
     0 | D:1      | hawla the Draconian Conjurer began the quest for the Orb.
     0 | D:1      | Reached XP level 1. HP: 14/14 MP: 3/3
   289 | D:1      | Reached XP level 2. HP: 20/20 MP: 3/5
   537 | D:1      | Learned a level 2 spell: Searing Ray
   977 | D:1      | Reached XP level 3. HP: 19/26 MP: 0/7
  1195 | D:2      | Noticed an ogre
  1200 | D:2      | Killed an ogre
  1200 | D:2      | Reached XP level 4. HP: 12/33 MP: 2/10
  1206 | D:2      | Learned a level 4 spell: Iskenderun's Mystic Blast
  1544 | D:2      | Noticed Jessica
  1546 | D:2      | Killed Jessica
  1546 | D:2      | Reached skill level 1 in Translocations
  1546 | D:2      | Reached XP level 5. HP: 38/38 MP: 9/12
  2183 | D:2      | Found a runed translucent door.
  2184 | D:2      | Noticed Crazy Yiuf
  2306 | D:2      | Killed Crazy Yiuf
  2306 | D:2      | Reached skill level 5 in Spellcasting
  2597 | D:4      | Noticed an ogre
  2652 | D:4      | Found a stormy altar of Qazlal.
  2669 | D:4      | Killed an ogre
  2669 | D:4      | Reached XP level 6. HP: 12/45 MP: 5/13
  2692 | D:4      | Found a sand-covered staircase.
  2853 | Ossuary  | Entered an ossuary
  3467 | D:4      | Noticed Blork the orc
  3631 | D:3      | Found a shimmering blue altar of Sif Muna.
  3926 | D:3      | Your scales start taking on a dull iron-grey colour.
  3926 | D:3      | Reached XP level 7. HP: 50/50 MP: 1/15
  3926 | D:3      | Gained mutation: You can survive without breathing. [Grey
                  | Draconian growth]
  4710 | D:4      | Found a sparkling altar of Nemelex Xobeh.
  4751 | D:4      | Found an ancient bone altar of Kikubaaqudgha.
  4794 | D:4      | Found a shadowy altar of Dithmenos.
  5031 | D:4      | Noticed Sigmund
  5049 | D:4      | Gained mutation: You are resistant to hostile enchantments.
                  | (MR+) [potion of mutation]
  5049 | D:4      | Gained mutation: Your muscles are strong. (Str +2) [potion
                  | of mutation]
  5049 | D:4      | Gained mutation: You are agile. (Dex +2) [potion of
                  | mutation]
  5052 | D:4      | Killed Sigmund
  5266 | D:5      | Entered Level 5 of the Dungeon
  5697 | D:5      | Reached skill level 5 in Conjurations
  5698 | D:5      | Lost mutation: Your muscles are strong. (Str +2) [potion of
                  | mutation]
  5698 | D:5      | Lost mutation: You are resistant to hostile enchantments.
                  | (MR+) [potion of mutation]
  5698 | D:5      | Gained mutation: You have very sharp teeth. [potion of
                  | mutation]
  5698 | D:5      | Gained mutation: Your body sometimes deteriorates upon
                  | taking damage. [potion of mutation]
  5698 | D:5      | Gained mutation: You expend magic power (3 MP) to
                  | strengthen your wands. [potion of mutation]
  5699 | D:5      | Lost mutation: You expend magic power (3 MP) to strengthen
                  | your wands. [potion of mutation]
  5699 | D:5      | Lost mutation: Your body sometimes deteriorates upon taking
                  | damage. [potion of mutation]
  5699 | D:5      | Lost mutation: You are agile. (Dex +2) [potion of mutation]
  5699 | D:5      | Lost mutation: You have very sharp teeth. [potion of
                  | mutation]
  5699 | D:5      | Gained mutation: Your system is resistant to poisons.
                  | (rPois) [potion of mutation]
  5699 | D:5      | Gained mutation: Your spells are a little easier to cast,
                  | but a little less powerful. [potion of mutation]
  5699 | D:5      | Gained mutation: Your large and strong wings let you fly
                  | indefinitely. [potion of mutation]
  5700 | D:5      | Lost mutation: Your large and strong wings let you fly
                  | indefinitely. [potion of mutation]
  5700 | D:5      | Lost mutation: Your system is resistant to poisons. (rPois)
                  | [potion of mutation]
  5700 | D:5      | Lost mutation: Your spells are a little easier to cast, but
                  | a little less powerful. [potion of mutation]
  5700 | D:5      | Gained mutation: You have sharp toenails. [potion of
                  | mutation]
  5700 | D:5      | Gained mutation: Your tail ends in a poisonous barb.
                  | [potion of mutation]
  5700 | D:5      | Gained mutation: Your system is resistant to poisons.
                  | (rPois) [potion of mutation]
  5701 | D:5      | Lost mutation: Your tail ends in a poisonous barb. [potion
                  | of mutation]
  5701 | D:5      | Lost mutation: Your system is resistant to poisons. (rPois)
                  | [potion of mutation]
  5701 | D:5      | Lost mutation: You have sharp toenails. [potion of
                  | mutation]
  5701 | D:5      | Gained mutation: Your flesh is cold resistant. (rC+)
                  | [potion of mutation]
  5701 | D:5      | Gained mutation: You have a pair of small horns on your
                  | head. [potion of mutation]
  5702 | D:5      | Lost mutation: You have a pair of small horns on your head.
                  | [potion of mutation]
  5702 | D:5      | Lost mutation: Your flesh is cold resistant. (rC+) [potion
                  | of mutation]
  5702 | D:5      | Gained mutation: You are weak. (Str -2) [potion of
                  | mutation]
  5702 | D:5      | Gained mutation: Your spells are a little harder to cast,
                  | but a little more powerful. [potion of mutation]
  5702 | D:5      | Gained mutation: You possess an exceptional clarity of
                  | mind. [potion of mutation]
  5702 | D:5      | Gained mutation: You have a pair of small antennae on your
                  | head. [potion of mutation]
  5866 | D:5      | Reached skill level 5 in Translocations
  5898 | D:5      | Reached XP level 8. HP: 57/57 MP: 10/17
  5999 | D:5      | Found a shattered altar of Ashenzari.
  7192 | D:6      | Found a staircase to the Ecumenical Temple.
  7206 | Temple   | Entered the Ecumenical Temple
  7497 | D:6      | Found an iron altar of Okawaru.
  7731 | D:6      | Found a hazy altar of Hepliaklqana.
  7732 | D:6      | Found an opulent altar of Gozag.
  7900 | D:7      | Killed Blork the orc
  7900 | D:7      | Reached XP level 9. HP: 59/62 MP: 14/20
  8360 | D:7      | Noticed a two-headed ogre
  8360 | D:7      | Noticed Prince Ribbit
  8369 | D:7      | Killed a two-headed ogre
  8371 | D:7      | Killed Prince Ribbit
  9082 | D:7      | You fall into a shaft and drop 2 floors!
  9115 | D:8      | Reached XP level 10. HP: 61/69 MP: 11/23
  9568 | D:8      | Learned a level 7 spell: Ring of Flames
  9571 | D:8      | Found Madwach's Food Emporium.
  9714 | D:8      | Reached skill level 1 in Fire Magic
  9905 | D:8      | Noticed Gastronok
  9928 | D:7      | Reached skill level 1 in Charms
 10165 | D:9      | Reached skill level 2 in Fire Magic
 10282 | D:9      | Reached skill level 3 in Fire Magic
 10284 | D:9      | Killed an unseen horror
 10284 | D:9      | Reached skill level 4 in Fire Magic
 10589 | D:9      | Reached skill level 5 in Fire Magic
 10802 | D:9      | Found a sparkling altar of Nemelex Xobeh.
 10845 | D:9      | Found a radiant altar of Vehumet.
 10870 | D:9      | Became a worshipper of Vehumet
 11017 | D:9      | Reached skill level 6 in Fire Magic
 11362 | D:9      | Killed an unseen horror
 11362 | D:9      | Reached skill level 7 in Fire Magic
 11683 | D:10     | Entered Level 10 of the Dungeon
 11696 | D:10     | Found Qerurin's Armour Boutique.
 11698 | D:10     | Noticed Joseph
 11703 | D:10     | You fall into a shaft and drop 1 floor!
 11704 | D:11     | Noticed Sonja
 11708 | D:11     | Killed Sonja
 11708 | D:11     | Reached XP level 11. HP: 62/74 MP: 8/24
 11971 | D:11     | Reached * piety under Vehumet
 11971 | D:11     | Offered knowledge of Foxfire by Vehumet.
 12047 | D:11     | Noticed a purple ugly thing
 12059 | D:11     | Killed a purple ugly thing
 12059 | D:11     | Reached skill level 5 in Charms
 12059 | D:11     | Reached skill level 8 in Fire Magic
 12322 | D:11     | Found a staircase to the Orcish Mines.
 12413 | D:11     | Offered knowledge of Freeze by Vehumet.
 12582 | D:10     | Reached ** piety under Vehumet
 12726 | D:10     | Noticed Nergalle
 12746 | D:10     | Killed Nergalle
 12754 | D:10     | Reached skill level 9 in Fire Magic
 12965 | D:10     | Found a staircase to the Lair.
 13187 | Lair:1   | Entered Level 1 of the Lair of Beasts
 13489 | Lair:1   | Found a dark tunnel.
 13496 | Volcano  | Entered a volcano
 13512 | Volcano  | Noticed an ogre mage
 13518 | Volcano  | Found a burning altar of Makhleb.
 13519 | Volcano  | Noticed a hell knight
 13522 | Volcano  | Noticed a two-headed ogre
 13527 | Volcano  | Killed a two-headed ogre
 13527 | Volcano  | Noticed a two-headed ogre
 13528 | Volcano  | Noticed a two-headed ogre
 13541 | Volcano  | Killed a two-headed ogre
 13541 | Volcano  | Reached skill level 10 in Fire Magic
 13697 | Volcano  | Killed an ogre mage
 13719 | Volcano  | Killed a hell knight
 13719 | Volcano  | Noticed a two-headed ogre
 13737 | Volcano  | Killed a two-headed ogre
 13739 | Volcano  | Killed a two-headed ogre
 13740 | Volcano  | Killed a two-headed ogre
 13740 | Volcano  | Reached XP level 12. HP: 61/81 MP: 16/25
 13810 | Volcano  | Noticed a two-headed ogre
 13818 | Volcano  | Killed a two-headed ogre
 13818 | Volcano  | Offered knowledge of Stone Arrow by Vehumet.
 13818 | Volcano  | Reached skill level 11 in Fire Magic
 13823 | Volcano  | Learned a level 3 spell: Stone Arrow
 14251 | Lair:1   | Reached skill level 1 in Earth Magic
 14517 | Lair:1   | Reached *** piety under Vehumet
 15292 | D:10     | Killed Joseph
 15425 | D:10     | Noticed a two-headed ogre
 15432 | D:10     | Killed a two-headed ogre
 15464 | D:10     | Offered knowledge of Inner Flame by Vehumet.
 15677 | D:10     | Noticed Grum
 15683 | D:10     | Killed Grum
 16332 | D:11     | Identified the cursed +0 buckler of Gravity {Dex+3 Slay+2}
 16354 | D:11     | Reached skill level 12 in Fire Magic
 17004 | D:11     | Reached **** piety under Vehumet
 17283 | D:11     | Learned a level 2 spell: Blink
 17330 | D:12     | Offered knowledge of Olgreb's Toxic Radiance by Vehumet.
 17333 | D:12     | Noticed a two-headed ogre
 17336 | D:12     | Learned a level 4 spell: Olgreb's Toxic Radiance
 17341 | D:12     | Killed a two-headed ogre
 17535 | D:12     | Reached skill level 1 in Poison Magic
 18175 | D:12     | Learned a level 5 spell: Irradiate
 18333 | D:12     | Noticed a two-headed ogre
 18343 | D:12     | Killed a two-headed ogre
 18343 | D:12     | Reached skill level 1 in Transmutations
 19099 | D:13     | Noticed Urug
 19116 | D:13     | Reached XP level 13. HP: 71/86 MP: 5/26
 19128 | D:13     | Killed Urug
 19432 | Temple   | Lost mutation: Your spells are a little harder to cast, but
                  | a little more powerful. [potion of mutation]
 19432 | Temple   | Lost mutation: You possess an exceptional clarity of mind.
                  | [potion of mutation]
 19432 | Temple   | Lost mutation: You have a pair of small antennae on your
                  | head. [potion of mutation]
 19432 | Temple   | Gained mutation: Your magical capacity is low. (-10% MP)
                  | [potion of mutation]
 19432 | Temple   | Gained mutation: You occasionally shout uncontrollably at
                  | your foes. [potion of mutation]
 19432 | Temple   | Lost mutation: Your magical capacity is low. (-10% MP)
                  | [potion of mutation]
 19623 | D:8      | Found a shimmering altar of Xom.
 19718 | D:8      | Killed Gastronok
 19718 | D:8      | Reached skill level 13 in Fire Magic
 19869 | D:8      | Noticed Maggie
 19879 | D:8      | Killed Maggie
 20317 | D:13     | Found a gate to the Vaults.
 20471 | D:13     | Noticed Frances
 20487 | D:13     | Slain by a sixfirhy

Illustrated notes

Levels and vault maps discovered:
D:1:      dpeg_arrival_houses_and_road, layout_rooms
D:2:      layout_loops_cross, first_ration, uniq_jessica,
          uniq_crazy_yiuf_cottage
D:3:      kennysheep_the_goblin_king, layout_basic, lemuel_crystal_altar,
          chequers_serial_rivers_room_b, lemuel_old_faithful
D:4:      layout_basic, nicolae_dithmenos_shadow_blocks, grunt_qazlal_sundering,
          old_standard_altar, nicolae_ossuary_entry_monument,
          hangedman_glass_teeth, nemelex_altar_shiori, uniq_blork_the_orc,
          uniq_sigmund
D:5:      layout_basic, evilmike_ruin_ashenzari
D:6:      layout_loops_ring, lemuel_coloured_pillars_altar,
          gammafunk_temple_overflow_pools, temple_green,
          kennysheep_generic_room_11
D:7:      kennysheep_big_flooded_room, layout_loops_corners, st_stairs_14,
          grunt_ogre_cave, uniq_prince_ribbit1
D:8:      minmay_slanted_spiral_squares, layout_rooms, tgw_xom, serial_shops,
          nicolae_shop_trees, uniq_maggie, uniq_gastronok
D:9:      minmay_polygon_palace, layout_cave_pools, kennysheep_mini,
          lemuel_doored_altar, serial_column_ruins, column_ruins_hut_water,
          column_ruins_hut_water, column_ruins_grid_3, column_ruins_grid_1,
          column_ruins_open_tiny, column_ruins_columns_straight,
          hangedman_tell_no_tales
D:10:     layout_basic, minmay_lair_entry_grove, serial_shops, shop,
          special_room [special_room_orc], uniq_grum, uniq_joseph, uniq_nergalle
D:11:     lemuel_slime, layout_irregular_city, orc_0_dummy, uniq_sonja
D:12:     layout_loops_ring
D:13:     layout_gridville, lightli_vaults_fourway_checkpoint,
          kennysheep_generic_room_14, uniq_frances, uniq_urug, uniq_erolcha
Temple:   grunt_temple_mini_profane
Lair:1:   layout_chaotic_city, nicolae_volcano_entry_s_turn, lemuel_fruit_fields

Skill      XL: |  1  2  3  4  5  6  7  8  9 10 11 12 13 |
---------------+----------------------------------------+-----
Spellcasting   | 3 4 5 6 7 9 |  9.5
Translocations | 1 3 5 |  5.8
Stealth        | 2 4 |  4.0
Conjurations   | 5 6 8 |  8.4
Dodging        | 2 |  2.4
Fire Magic     | 7 10 12 13 | 13.1
Charms         | 4 7 9 |  9.5
Earth Magic    | 3 |  3.0
Poison Magic   | 2 |  2.8
Transmutations | 1 3 |  3.0
Fighting       | |  0.1
Staves         | |  0.4

Action                   |  1- 3 |  4- 6 |  7- 9 | 10-12 | 13-15 || total
-------------------------+-------+-------+-------+-------+-------++-------
Melee: Unarmed           |    61 |       |       |       |       ||    61
       Tailslap          |     3 |     1 |       |     5 |       ||     9
       Quarterstaff      |       |    18 |     8 |    19 |       ||    45
       Lajatang          |       |       |       |    28 |       ||    28
 Cast: Magic Dart        |    33 |    77 |    73 |   156 |    13 ||   352
       Searing Ray       |    11 |    33 |    63 |   181 |    35 ||   323
       Iskenderun's Myst |       |     2 |     7 |    64 |    11 ||    84
       Olgreb's Toxic Ra |       |       |       |    12 |     3 ||    15
       Stone Arrow       |       |       |       |    12 |     3 ||    15
       Ring of Flames    |       |       |       |     1 |       ||     1
Evoke: Wand              |       |       |       |     2 |       ||     2
  Use: Scroll            |       |     6 |     9 |     8 |     4 ||    27
       Potion            |       |     3 |    12 |     4 |     2 ||    21
 Stab: Paralysed         |       |     1 |       |       |       ||     1
       Invisible         |       |       |     1 |       |       ||     1
  Eat: Chunk             |     2 |     5 |    17 |    23 |     3 ||    50
       Ration            |       |     1 |       |     3 |       ||     4
Armor: Skin              |    21 |    14 |    32 |    89 |    19 ||   175
Dodge: Dodged            |    54 |    28 |    48 |   253 |    29 ||   412
